 Dungeon Crawl Stone Soup version 0.24.0-123-gd5b16e6ec5 (webtiles) character file.

Game seed: 993204264690390054, levelgen mode: deterministic

63 Descartes the Charmwright (level 3, -6/16 HPs)
             Began as a Spriggan Wanderer on Jan 18, 2020.
             Was an Initiate of Gozag.
             Killed by nerve-wracking pain
             ... invoked by Jessica
              (10 damage)
             ... on level 2 of the Dungeon.
             The game lasted 00:09:01 (2585 turns).

Descartes the Charmwright (Spriggan Wanderer)       Turns: 2585, Time: 00:09:02

Health: -6/16      AC:  3    Str:  8    XL:     3   Next: 87%
Magic:  2/7        EV: 16    Int: 13    God:    Gozag
Gold:   68         SH:  0    Dex: 16    Spells: 2/6 levels left

rFire    . . .     SeeInvis +   a - +0 dagger
rCold    . . .     Gourm    .   (shield restricted)
rNeg     . . .     Faith    .   d - +0 robe
rPois    .         Spirit   .   (helmet restricted)
rElec    .         Reflect  .   i - +0 cloak
rCorr    .         Harm     .   (gloves unavailable)
MR       .....                  (boots unavailable)
Stlth    ++........             n - amulet of the acrobat
HPRegen  0.05/turn              (no ring)
MPRegen  0.10/turn              (no ring)

@: drained, very quick
A: very small, unfitting armour, see invisible, herbivore, speed 3, slow
metabolism 2
a: Potion Petition, Call Merchant, Bribe Branch, Renounce Religion


You were on level 2 of the Dungeon.
You worshipped Gozag.
Gozag was noncommittal.
You were very hungry.

You visited 1 branch of the dungeon, and saw 2 of its levels.

You collected 94 gold pieces.
You paid 26 gold pieces to Gozag.

Inventory:

Hand Weapons
 a - a +0 dagger (weapon)
Missiles
 e - 25 arrows
 g - 66 stones (quivered)
 k - 25 bolts
 p - 19 sling bullets
Armour
 d - a +0 robe (worn)
 i - a +0 cloak (worn)
Jewellery
 n - an amulet of the acrobat (around neck)
Wands
 c - a wand of random effects (15)
Scrolls
 b - a scroll of fog {unknown}
 h - a scroll of identify {unknown}
 j - a scroll of teleportation {unknown}
 l - a scroll of amnesia {unknown}
 o - a scroll of enchant weapon {unknown}
Potions
 m - 2 potions of curing
 q - a potion of degeneration {unknown}
 r - a potion of brilliance {unknown}
Comestibles
 f - a ration


   Skills:
 + Level 0.9(0.2) Short Blades
 * Level 1.9(1.2) Dodging
 * Level 2.1(1.4) Stealth
 * Level 2.0(1.3) Spellcasting
 * Level 0.9(0.3) Conjurations
 + Level 4.7(3.9) Charms
 + Level 0.2(0.0) Translocations
   Level 1.3(0.6) Transmutations
 + Level 3.1(2.4) Poison Magic
 + Level 2.9(2.2) Evocations


You had 2 spell levels left.
You knew the following spells:

 Your Spells              Type           Power        Failure   Level  Hunger
a - Infusion              Chrm           ##..         5%          1    ##.....
b - Sting                 Conj/Pois      #...         16%         1    ##.....
c - Shroud of Golubria    Chrm/Tloc      #.....       19%         2    ###....

Your spell library contained the following spells:

 Spells                   Type           Power        Failure   Level  Hunger
 Song of Slaying          Chrm           ##......     9%          2    ###....
 Regeneration             Chrm/Necr      #.........   34%         3    ####...
 Spectral Weapon          Hex/Chrm       #.......     34%         3    ####...
 Ignite Poison            Fire/Tmut/Pois #.......     47%         3    ####...


Dungeon Overview and Level Annotations

Branches:
Dungeon (2/15)

Altars:
Gozag
Qazlal

Annotations:
D:2 Jessica


Innate Abilities, Weirdness & Mutations

You are very small and have problems with some larger weapons.
You are too small for most types of armour.
You have supernaturally acute eyesight. (SInv)
You are a herbivore.
You cover ground extremely quickly.
You need to consume almost no food.


Message History

You feel drained.
You hit Jessica.
Jessica is almost dead.
Jessica shouts, "You are a ghastly nuisance!"
Jessica gestures wildly while chanting.
Jessica blinks!
You are too injured to fight recklessly!
You are no longer magically infusing your attacks.
Jessica misses you.
You hit Jessica but do no damage.
Jessica is almost dead.
Jessica barely misses you.
You hit Jessica but do no damage.
Jessica is almost dead.
Jessica misses you. Jessica gestures at you while chanting.
Pain shoots through your body!
Ouch! That really hurt!
You die...
Your body crumbles into a pile of gold.

#.## #.#
#....##......# ..#
#.#####.#
#....##......#
##.###.......#
#....##......# .#
....##.#####.#
#....##)######..#
..#.##.# #....##)#
..# ..#..#.###
###....##.##### ..#
..##.#...#
#.......#.#... ..#
..##.#...#
#.......#.#.#####.#
.........#
#.@.....#....<.....
#####.####
#@......###.#......
# #.# .........#
#.#..##.# #####..
#.##.......#
#.#####.# ....##.#
# #########
#..."...# ....# ..
######### ....# #.#
....# .# ....# ..


You could see Jessica.

Vanquished Creatures
  A gnoll (D:2)
  An adder (D:2)
  An ooze (D:1)
  A dart slug (D:1)
  2 leopard geckos (D:1)
  2 bats (D:1)
  2 giant cockroaches (D:1)
  6 goblins
  4 hobgoblins (D:1)
  3 jackals
  A quokka (D:2)
  4 frilled lizards
  4 kobolds (D:1)
  A rat (D:1)
33 creatures vanquished.

Vanquished Creatures (others)
  A plant (D:1)
1 creature vanquished.

Grand Total: 34 creatures vanquished

Notes
Turn   | Place    | Note
-------+----------+-------------------------------------------
     0 | D:1      | Descartes the Spriggan Wanderer began the quest for the
                  | Orb.
     0 | D:1      | Descartes set off with the following items: a +0 dagger, a
                  | wand of random effects (15), a +0 robe, a ration; and the
                  | following spells available to memorise: Infusion, Song of
                  | Slaying, Sting, Shroud of Golubria, Regeneration, Spectral
                  | Weapon, Ignite Poison
     0 | D:1      | Reached XP level 1. HP: 9/9 MP: 3/3
     2 | D:1      | Learned a level 1 spell: Infusion
     4 | D:1      | Learned a level 1 spell: Sting
   282 | D:1      | Reached skill level 1 in Dodging
   374 | D:1      | Reached XP level 2. HP: 13/13 MP: 1/5
   740 | D:1      | Reached skill level 1 in Stealth
  1481 | D:1      | Reached XP level 3. HP: 12/16 MP: 6/6
  1868 | D:2      | Learned a level 2 spell: Shroud of Golubria
  1907 | D:2      | Found a faded altar of an unknown god.
  2022 | D:2      | Found an opulent altar of Gozag.
  2062 | D:2      | Found a stormy altar of Qazlal.
  2077 | D:2      | Became a worshipper of Gozag Ym Sagoz the Greedy
  2565 | D:2      | Noticed Jessica
  2585 | D:2      | Killed from afar by Jessica

Levels and vault maps discovered:
D:1:      dpeg_arrival_short_road, layout_loops_cross, chequers_big_river,
          minmay_misc_feat_x, minmay_hexomino_f4
D:2:      layout_basic, nicolae_overflow_crystal_walls, lemuel_round_altar,
          nicolae_gozag_seed_capital, chequers_ecumenical_altar_twisty,
          uniq_jessica

Skill      XL: |  1  2  3 |
---------------+----------+-----
Dodging        | 1 |  1.9
Stealth        | 1 2 |  2.1
Spellcasting   | 2 |  2.0
Short Blades   | |  0.9
Conjurations   | |  0.9
Charms         | |  4.7
Translocations | |  0.2
Transmutations | |  1.3
Poison Magic   | |  3.1
Evocations     | |  2.9

Action                   || total
-------------------------++-------
Melee: Dagger            ||   112
 Cast: Sting             ||    34
       Infusion          ||    13
 Stab: Sleeping          ||     4
Armor: Robe              ||    11
Dodge: Dodged            ||    86
